 Dungeon Crawl Stone Soup version 0.31-a0-229-g1fc7ce93e2 (webtiles) character file.

Game seed: 15302244951071591025

172 qw the Shooter (level 5, -9/45 HPs)
             Began as a Minotaur Hexslinger on July 6, 2023.
             Mangled by a gnoll sergeant
             ... wielding a +0 spear
              (12 damage)
             ... on level 5 of the Dungeon.
             The game lasted 00:00:55 (2703 turns).

qw the Shooter (Minotaur Hexslinger)                Turns: 2703, Time: 00:00:55

Health: -9/45      AC:  5    Str: 13    XL:     5   Next: 27%
Magic:  5/5        EV: 12    Int: 10    God:
Gold:   102        SH:  0    Dex: 14    Spells: 5/6 levels left

rFire   . . .        Y - +1 sling (freeze)
rCold   + . .        (no shield)
rNeg    . . .        m - +2 robe {rC+}
rPois   .            (helmet restricted)
rElec   .            (no cloak)
rCorr   .            d - +0 pair of gloves
SInv    .            (no boots)
Will    .....        (no amulet)
Stlth   +            (no ring)
HPRegen 0.27/turn    (no ring)
MPRegen 0.09/turn

%: no passive effects
@: no status effects
A: horns 2, retaliatory headbutt
a: no special abilities


You were on level 5 of the Dungeon.
You visited 1 branch of the dungeon, and saw 5 of its levels.

You collected 296 gold pieces.
You spent 194 gold pieces at shops.


Innate Abilities, Weirdness & Mutations

You have a pair of horns on your head.
You reflexively headbutt those who attack you in melee.


   Skills:
 - Level 3.1 Fighting
 + Level 5.2 Ranged Weapons
 - Level 1.2 Armour
 - Level 2.1 Dodging
 - Level 1.0 Spellcasting
 - Level 2.0 Hexes


You had 5 spell levels left.
You knew the following spells:

 Your Spells              Type           Power      Damage    Failure   Level
a - Slow                  Hex            16%        N/A       16%         1

Your spell library contained the following spells:

 Spells                   Type           Power      Damage    Failure   Level
 Inner Flame              Hex/Fire       2%         N/A       56%         3
 Portal Projectile        Hex/Tloc       4%         N/A       56%         3
 Cause Fear               Hex            2%         N/A       83%         4

Inventory:

Hand Weapons
 Y - a +1 sling of freezing (weapon)
Armour
 d - a +0 pair of gloves (worn)
 m - a +2 robe of cold resistance (worn)
Scrolls
 f - a scroll of identify
Potions
 a - a potion of mutation
 c - a potion of might
 e - a potion of haste {unknown}
 g - a potion of degeneration {unknown}
 h - a potion of attraction {unknown}
 j - a potion of cancellation {unknown}

Dungeon Overview and Level Annotations

Branches:
Dungeon (5/15)
 Temple: D:4-7

Altars:
Uskayaw

Shops:
D:4 [


Message History

The gnoll sergeant shouts!
The gnoll shouts!
The hound barks!
The gnoll shouts! x2
The water moccasin hisses angrily.
The gnoll shouts!
Found a scroll labelled JICAUHE BUOSTAG.
There is a stone staircase leading up here.
There are monsters nearby!
Waypoint 4 assigned to D:5.
You shoot a sling bullet. The sling bullet hits the hound.
The sling bullet freezes the hound.
The hound is lightly wounded.
You hear a howl!
The hound barely misses you.
You shoot a sling bullet.
The sling bullet barely misses the hound.
The hound barely misses you. The hound closely misses you.
The gnoll hits you with a +0 club.
The gnoll hits you from afar with a +0 halberd.
2700 ||| STAIRDANCE The hound completely misses you.
The gnoll throws a throwing net.
The throwing net hits you.
You become entangled in the net!
You stop ascending the stairs.
The gnoll hits you with a +0 club. The gnoll barely misses you.
The hound bites you.
You struggle against the net.
The hound bites you but does no damage. The gnoll hits you but does no damage.
The gnoll hits you from afar with a +0 halberd!
The gnoll sergeant hits you from afar with a +0 spear!
The gnoll hits you but does no damage.
The water moccasin completely misses you.
You tear a large gash into the net.
The hound bites you.
The water moccasin bites you but does no damage.
The gnoll barely misses you.
The gnoll hits you from afar with a +0 halberd.
The gnoll sergeant barely misses you. The gnoll barely misses you. x2
You furiously retaliate!
You headbutt the gnoll! The hound bites you.
You rip the net and break free!
The water moccasin closely misses you.
A howler monkey comes into view.
The hound completely misses you. You furiously retaliate!
You headbutt the hound. The gnoll closely misses you. x2
The gnoll sergeant hits you from afar with a +0 spear!
You die...

#......h....
#...........
#...........
...........
##..........
#..gO.......
#..ggg......
#.gg@h...?..
#....S......
#...........
##........#.
##......##
########


You could see a water moccasin, an ogre, a gnoll sergeant, a howler monkey
(wandering), a hound and 5 gnolls.

Vanquished Creatures
  A gnoll bouda (D:4)
  5 gnolls (D:4)
  2 adders (D:3)
  An ufetubus (D:4)
  2 worms (D:3)
  3 dart slugs
  5 orcs
  A bat (D:2)
  5 endoplasms
  3 giant cockroaches
  6 goblins
  8 hobgoblins
  2 jackals (D:2)
  2 kobolds (D:4)
  5 ball pythons
  4 frilled lizards
  A rat (D:3)
56 creatures vanquished.

Notes
Turn   | Place    | Note
-------+----------+-------------------------------------------
     0 | D:1      | qw the Minotaur Hexslinger began the quest for the Orb.
     0 | D:1      | Reached XP level 1. HP: 16/16 MP: 1/1
     0 | D:1      | 0 ||| qw: Version: 0.3-a-46-gb1f654a
     0 | D:1      | 0 ||| qw: Game counter: 1529
     0 | D:1      | 0 ||| qw: Melee chars always use a shield: true
     0 | D:1      | 0 ||| qw: God list: Okawaru
     0 | D:1      | 0 ||| qw: Allow faded altars: false
     0 | D:1      | 0 ||| qw: Do Orc after clearing Dungeon:15 true
     0 | D:1      | 0 ||| qw: Do second Lair branch before Depths: true
     0 | D:1      | 0 ||| qw: Lair rune preference: random
     0 | D:1      | 0 ||| qw: Goals: Normal
     0 | D:1      | 0 ||| PLANNING D:1-11
   594 | D:1      | 594 ||| READING scroll labelled GEYKEHIATE.
   595 | D:1      | 595 ||| READING 2 scrolls labelled VUZOUL QOHABB.
   596 | D:1      | 596 ||| READING scroll labelled SELUTI AROE.
   597 | D:1      | 597 ||| DRINKING 2 fizzy golden potions.
   701 | D:1      | 701 ||| DROPPING scroll of poison.
   702 | D:1      | 702 ||| DROPPING potion of berserk rage.
   764 | D:2      | Reached skill level 3 in Ranged Weapons
   766 | D:2      | Reached XP level 2. HP: 23/23 MP: 2/2
  1561 | D:2      | 1561 ||| UPGRADING to +0 leather armour.
  1571 | D:2      | 1571 ||| DROPPING +0 robe.
  1572 | D:2      | 1572 ||| UPGRADING to +0 pair of gloves.
  1624 | D:3      | 1624 ||| READING scroll labelled LUTITW UVINLEW.
  1686 | D:3      | Found a hide-covered altar of Uskayaw.
  1714 | D:3      | Reached XP level 3. HP: 29/29 MP: 3/3
  1779 | D:3      | Reached skill level 4 in Ranged Weapons
  2016 | D:3      | Reached XP level 4. HP: 36/36 MP: 4/4
  2067 | D:3      | 2067 ||| UPGRADING to +0 ring mail.
  2077 | D:3      | 2077 ||| DROPPING +0 leather armour.
  2078 | D:3      | 2078 ||| READING scroll labelled ZIYTUU HINORO.
  2079 | D:3      | 2079 ||| DRINKING 2 fizzy amethyst potions.
  2080 | D:3      | 2080 ||| READING 2 scrolls of identify.
  2080 | D:3      | 2080 ||| IDENTIFYING sapphire potion
  2120 | D:4      | Reached skill level 1 in Armour
  2161 | D:4      | 2161 ||| FLEEEEING.
  2162 | D:4      | 2162 ||| FLEEEEING.
  2163 | D:4      | 2163 ||| FLEEEEING.
  2164 | D:4      | 2164 ||| FLEEEEING.
  2166 | D:4      | 2166 ||| FLEEEEING.
  2167 | D:4      | 2167 ||| FLEEEEING.
  2168 | D:4      | 2168 ||| FLEEEEING.
  2169 | D:4      | 2169 ||| STAIRDANCE
  2237 | D:4      | 2237 ||| Stepping ~*~*~tactically~*~*~ (outnumbered).
  2239 | D:4      | 2239 ||| Stepping ~*~*~tactically~*~*~ (outnumbered).
  2242 | D:4      | 2242 ||| Stepping ~*~*~tactically~*~*~ (outnumbered).
  2250 | D:4      | Reached skill level 5 in Ranged Weapons
  2277 | D:4      | HP: 5/36 [gnoll bouda/+0 whip (7)]
  2278 | D:4      | 2278 ||| DRINKING potion of heal wounds.
  2282 | D:4      | Reached XP level 5. HP: 31/44 MP: 5/5
  2289 | D:4      | Reached skill level 3 in Fighting
  2459 | D:4      | 2459 ||| FLEEEEING.
  2494 | D:4      | Found Hugu's Armour Emporium.
  2499 | D:4      | 2499 ||| SHOPLISTING +2 cloak of the Weak God {rElec} (313
                  | gold, have 296).
  2499 | D:4      | 2499 ||| BUYING +2 robe of cold resistance (194 gold).
  2499 | D:4      | Bought a +2 robe of cold resistance for 194 gold pieces
  2599 | D:4      | 2599 ||| UPGRADING to +2 robe of cold resistance.
  2609 | D:4      | 2609 ||| DROPPING +0 ring mail.
  2610 | D:4      | 2610 ||| READING scroll labelled FUEZAF LUCZA.
  2686 | D:4      | 2686 ||| READING scroll labelled VIUMOF PETSAB.
  2691 | D:4      | 2691 ||| READING scroll labelled CAPPAIWNOA.
  2692 | D:4      | 2692 ||| READING 2 scrolls of identify.
  2692 | D:4      | 2692 ||| IDENTIFYING grey potion
  2697 | D:5      | Entered Level 5 of the Dungeon
  2697 | D:5      | Noticed a water moccasin
  2697 | D:5      | Noticed an ogre
  2700 | D:5      | 2700 ||| STAIRDANCE
  2702 | D:5      | HP: 11/45 [hound (3)]
  2702 | D:5      | HP: 3/45 [hound (4)]
  2703 | D:5      | Mangled by a gnoll sergeant

Levels and vault maps discovered:
D:1:      dpeg_arrival_tiny_h, layout_loops_ring, grunt_decor_one_mirror
D:2:      layout_basic, minmay_quadrilaterals
D:3:      layout_basic, eat_drink_and_be_merry_uskayaw, hangedman_decor_opposing
D:4:      layout_rooms, serial_shops, nicolae_shop_behind_doors
D:5:      layout_rooms, mainiacjoe_overflow_alcove_1, lemuel_flamethrower_1

Skill      XL: |  1  2  3  4  5 |
---------------+----------------+-----
Ranged Weapons | 3 4 5 |  5.2
Fighting       | 2 3 |  3.1
Armour         | 1 |  1.2
Dodging        | |  2.1
Spellcasting   | |  1.0
Hexes          | |  2.0

Action                     |  1- 3 |  4- 6 || total
---------------------------+-------+-------++-------
   Fire: Sling             |    98 |    76 ||   174
    Use: Scroll            |     4 |     6 ||    10
         Potion            |     1 |     2 ||     3
 Armour: Robe              |     3 |     4 ||     7
         Leather armour    |     3 |       ||     3
         Ring mail         |       |    13 ||    13
  Dodge: Dodged            |    13 |    48 ||    61

Table legend:
 A = Non-vault XP
 B = Vault XP
 C = Vault XP percentage of total XP
 D = Non-vault monster count
 E = Vault monster count
 F = Vault count percentage of total count
                 A         B        C        D         E       F
            +---------+---------+-------+---------+---------+-------
      Total |     233 |      13 |   5.3 |      50 |       6 |  10.7
            +---------+---------+-------+---------+---------+-------
        D:1 |       9 |       0 |   0.0 |       5 |       0 |   0.0
        D:2 |      17 |      13 |  43.3 |      10 |       6 |  37.5
        D:3 |      59 |       0 |   0.0 |      13 |       0 |   0.0
        D:4 |     148 |       0 |   0.0 |      22 |       0 |   0.0
            +---------+---------+-------+---------+---------+-------
